Map: Dusk Towers

Players

xKawaiian

  • Race: Terran Terran
  • League: Master

Spartan

  • Race: Terran Terran
  • League: Diamond

Schnitzel

  • Race: Zerg Zerg
  • League: Grandmaster

IIIIIIIIIIII

  • Race: Zerg Zerg

VOD

Have the link to the VOD?

Description

Time

  • Played on: Jan. 12, 2016, 11:29 p.m.
  • Length: 14:59
Show
View Real Time Build Order
Export as new Build Order

xKawaiian Terran 

Build Orders: Reaper Expand, Hellion Banshee 

Get SALT Encoding   

  12  0:00  SCV  
  13  0:13  SCV  
  14  0:17  Supply Depot  
  14  0:25  SCV  
  15  0:39  SCV  
  15  0:40  Barracks  
  16  0:45  Refinery  
  16  0:51  SCV  
  17  1:03  SCV  
  18  1:15  SCV  
  19  1:28  Orbital Command  
  19  1:29  Reaper  
  20  1:40  Command Center  
  20  1:50  Supply Depot  
  20  1:53  SCV  
  21  2:01  Reaper  
  22  2:03  Refinery  
  22  2:06  SCV  
  23  2:18  SCV  
  24  2:24  Factory  
  24  2:30  SCV  
  25  2:37  Barracks Reactor  
  25  2:42  SCV  
  26  2:52  Orbital Command  
  26  2:56  SCV  
  27  3:08  Command Center, SCV  
  28  3:13  Starport  
  28  3:18  SCV  
  29  3:20  SCV  
  29  3:21  Barracks Tech Lab  
  29  3:25  Hellion  
  32  3:30  SCV, Hellion  
  32  3:32  SCV  
  36  3:42  SCV  
  36  3:48  SCV  
  37  3:54  SCV  
  38  3:59  Banshee, Cloaking Field  
  38  4:00  SCV  
  42  4:04  Fusion Core  
  42  4:06  SCV  
  42  4:09  Refinery  
  43  4:10  Refinery  
  43  4:12  SCV, Hellion  
  45  4:18  SCV  
  45  4:20  Hellion, Orbital Command  
  48  4:24  SCV  
  48  4:31  SCV  
  50  4:33  Hellion  
  50  4:36  SCV  
  51  4:41  Hellion  
  53  4:55  Hellion  
  52  5:02  SCV x2  
  52  5:03  Hellion  
  52  5:04  SCV  
  56  5:14  SCV  
  56  5:15  SCV  
  56  5:16  Hellion  
  56  5:20  Orbital Command  
  56  5:21  Supply Depot  
  60  5:26  SCV  
  60  5:28  SCV, Hellion, Supply Depot  
  64  5:39  SCV, Armory x2  
  64  5:40  SCV  
  72  5:42  Battlecruiser  
  72  5:46  Supply Depot  
  72  5:48  SCV  
  73  5:51  SCV  
  73  5:53  Supply Depot, SCV  
  75  6:00  SCV  
  75  6:03  SCV  
  75  6:05  SCV, Hellion  
  75  6:06  Hellion  
  75  6:10  Supply Depot  
  80  6:12  SCV, Barracks Tech Lab  
  80  6:15  SCV, Refinery, Starport  
  80  6:17  SCV  
  79  6:18  Refinery  
  79  6:24  SCV  
  80  6:27  SCV  
  80  6:29  SCV  
  80  6:30  Terran Vehicle And Ship Armor Level 1, Terran Ship Weapons Level 1  
  80  6:33  Hellion x2  
  80  6:36  SCV  
  80  6:39  SCV  
  86  6:40  Supply Depot  
  86  6:41  Supply Depot  
  86  6:42  SCV  
  81  6:48  SCV, Weapon Refit  
  81  6:50  Battlecruiser  
  81  6:51  SCV  
  81  6:54  SCV  
  84  6:58  Hellion x2  
  88  7:05  Battlecruiser  
  88  7:07  SCV x2  
  96  7:13  Barracks Tech Lab  
  96  7:15  Starport  
  78  7:44  Hellion x2  
  72  8:10  Battlecruiser  
  74  8:21  SCV x2  
  76  8:30  Orbital Command  
  76  8:33  SCV x2  
  67  8:40  Battlecruiser  
  62  8:45  SCV x2  
  62  8:47  Refinery  
  54  8:48  Refinery  
  54  8:55  SCV  
  51  8:57  SCV x2  
  51  9:01  Terran Ship Weapons Level 2, Terran Vehicle And Ship Armor Level 2  
  51  9:05  Barracks Tech Lab  
  51  9:07  SCV  
  51  9:09  SCV x2  
  54  9:19  SCV  
  54  9:21  SCV  
  54  9:22  SCV  
  55  9:31  SCV  
  55  9:32  Battlecruiser  
  55  9:34  SCV x2  
  64  9:43  SCV  
  65  9:46  SCV x2  
  65  9:47  Battlecruiser  
  73  9:54  Orbital Command  
  73  9:58  SCV x2  
  73  9:59  Barracks Reactor  
  74  10:01  Factory  
  66  10:10  SCV x2  
  59  10:22  SCV  
  59  10:23  SCV x2  
  59  10:27  Supply Depot  
  62  10:28  Bunker  
  62  10:29  Supply Depot  
  62  10:34  SCV  
  62  10:35  SCV x2  
  65  10:36  Marine  
  65  10:37  Marine  
  67  10:43  Battlecruiser  
  67  10:46  SCV  
  67  10:47  SCV x2  
  76  10:55  Supply Depot  
  75  10:58  SCV  
  75  10:59  SCV  
  75  11:01  Orbital Command  
  78  11:04  Battlecruiser  
  78  11:10  SCV  
  84  11:11  SCV  
  84  11:18  Supply Depot  
  85  11:19  Terran Ship Weapons Level 3  
  85  11:22  SCV  
  85  11:23  SCV  
  87  11:29  SCV  
  88  11:35  SCV  
  88  11:36  SCV  
  90  11:41  SCV  
  92  11:47  SCV  
  92  11:48  SCV  
  92  11:49  Terran Vehicle And Ship Armor Level 3, Command Center  
  92  11:53  SCV  
  94  11:59  SCV  
  94  12:00  SCV  
  96  12:05  SCV  
  97  12:11  SCV  
  97  12:12  Battlecruiser  
  104  12:20  Hellion x2  
  104  12:21  SCV x2  
  109  12:23  SCV  
  98  12:33  SCV x2, Battlecruiser  
  106  12:37  SCV  
  107  12:45  SCV  
  110  12:51  Hellbat x2  
  110  12:52  Supply Depot x2  
  110  12:55  SCV x2  
  110  12:57  SCV  
  115  13:13  SCV  
  115  13:14  SCV  
  115  13:15  Supply Depot  
  115  13:16  Supply Depot, Battlecruiser  
  127  13:26  Barracks Tech Lab  
  123  13:30  SCV, Starport  
  124  13:43  Orbital Command  
  124  13:45  SCV x3  
  124  13:46  Refinery x2  
  124  13:47  Engineering Bay  
  127  13:55  Battlecruiser  
  133  13:57  SCV  
  139  14:58  Command Center  
Show
View Real Time Build Order
Export as new Build Order

Spartan Terran 

Build Orders:  

Get SALT Encoding   

  12  0:01  Drone  
  13  0:12  Overlord  
  13  0:17  Drone  
  14  0:26  Drone, Extractor  
  15  0:30  Drone  
  15  0:34  Drone  
  17  0:54  Hatchery  
  16  0:57  Drone  
  16  1:00  Drone  
  18  1:15  Spawning Pool  
  17  1:18  Extractor  
  17  1:19  Drone  
  17  1:22  Drone  
  18  1:28  Drone  
  19  1:41  Overlord  
  19  1:50  Drone  
  20  2:01  Drone  
  21  2:02  Queen  
  21  2:06  Queen, Zergling x2  
  26  2:11  Drone  
  27  2:19  Metabolic Boost, Drone  
  28  2:24  Drone  
  28  2:27  Drone  
  30  2:32  Extractor  
  30  2:36  Drone  
  31  2:38  Drone  
  30  2:50  Queen, Zergling x4  
  34  2:54  Drone  
  35  3:06  Zergling x2  
  35  3:12  Overlord  
  36  3:17  Overlord  
  36  3:23  Lair  
  36  3:24  Roach Warren  
  36  3:25  Drone  
  36  3:33  Zergling x2  
  35  3:46  Zergling x4  
  37  3:49  Zergling x6  
  37  3:50  Zergling x10  
  45  4:00  Drone x2  
  45  4:01  Drone x2  
  49  4:11  Extractor  
  49  4:12  Extractor  
  47  4:22  Drone  
  47  4:23  Drone x2  
  50  4:26  Drone  
  50  4:27  Hatchery  
  50  4:28  Roach  
  50  4:29  Glial Reconstitution  
  52  4:32  Overlord x2  
  52  4:36  Drone x2  
  50  4:38  Drone  
  50  4:44  Drone  
  51  4:49  Spore Crawler, Roach  
  51  4:51  Spore Crawler  
  50  4:53  Roach  
  50  4:57  Roach  
  51  5:01  Roach  
  50  5:12  Roach x2  
  54  5:16  Spore Crawler, Drone x3  
  56  5:23  Roach  
  56  5:24  Roach  
  60  5:29  Roach  
  60  5:32  Roach x2  
  66  5:38  Roach  
  66  5:39  Roach  
  66  5:42  Drone  
  71  5:45  Drone x2  
  71  5:46  Extractor  
  72  5:53  Roach  
  74  6:01  Overlord x3  
  74  6:02  Ravager  
  73  6:05  Ravager  
  74  6:23  Roach  
  74  6:24  Spore Crawler, Roach x4  
  74  6:25  Roach  
  85  6:26  Roach  
  87  6:35  Ravager  
  87  6:36  Roach x3  
  90  6:49  Drone  
  90  6:50  Drone x3  
  90  6:52  Drone x3  
  90  6:53  Overlord  
  97  6:59  Drone x3  
  97  7:00  Drone  
  98  7:03  Drone  
  98  7:08  Queen  
  98  7:14  Ravager  
  96  7:18  Overseer  
  96  7:19  Queen  
  96  7:24  Roach  
  95  7:32  Ravager x3  
  95  7:35  Ravager x2  
  94  7:48  Ravager x2  
  94  7:50  Roach x2  
  94  7:51  Drone x2  
  102  7:54  Drone x3  
  102  7:55  Drone x2  
  104  7:59  Overseer  
  104  8:01  Drone  
  104  8:03  Drone  
  104  8:05  Drone  
  101  8:19  Roach x2  
  97  8:20  Roach  
  97  8:24  Roach  
  97  8:25  Roach  
  98  8:28  Roach x3  
  98  8:33  Roach  
  104  8:38  Roach  
  95  8:43  Roach  
  89  8:49  Zergling x2, Extractor  
  89  8:50  Queen, Zergling x10  
  87  8:55  Extractor  
  87  8:58  Zergling x4  
  88  9:06  Evolution Chamber, Zergling x2  
  88  9:08  Zergling x4  
  86  9:13  Queen x2  
  88  9:20  Drone x4  
  88  9:22  Drone  
  87  9:25  Drone x2  
  87  9:26  Queen  
  87  9:29  Drone  
  90  9:34  Drone  
  90  9:35  Zerg Ground Armor Level 1  
  91  9:43  Spire  
  89  9:46  Zergling x6  
  89  9:48  Drone x2, Queen x2  
  89  9:50  Drone  
  96  9:54  Drone  
  92  10:02  Queen  
  92  10:16  Drone x4  
  92  10:17  Drone x2  
  92  10:18  Drone, Spore Crawler  
  92  10:19  Drone  
  91  10:21  Drone  
  91  10:22  Drone  
  91  10:24  Queen x2  
  91  10:27  Spore Crawler  
  90  10:34  Roach  
  90  10:35  Roach x3  
  98  10:46  Queen  
  96  10:55  Overlord x4  
  95  11:00  Queen  
  97  11:07  Zergling x2  
  98  11:15  Hatchery  
  96  11:22  Spore Crawler  
  96  11:24  Spore Crawler  
  94  11:27  Spore Crawler  
  94  11:30  Corruptor  
  94  11:31  Corruptor x7  
  107  11:46  Overlord, Corruptor x2  
  107  11:47  Overlord  
  111  11:49  Drone x3  
  111  11:50  Drone  
  110  12:10  Drone x3  
  110  12:13  Drone x2  
  110  12:14  Drone x5  
  112  12:23  Queen x2  
  112  12:24  Queen  
  116  12:34  Mutalisk  
  118  12:43  Hatchery  
  117  12:45  Zerg Flyer Weapons Level 1  
  117  12:59  Queen x3  
  117  13:02  Infestation Pit  
  118  13:05  Spore Crawler  
  117  13:15  Zergling x6  
  120  13:23  Zergling x4  
  120  13:24  Corruptor x4  
  120  13:25  Evolution Chamber  
  129  13:42  Zergling x2  
  129  13:47  Overlord x2  
  129  13:48  Overlord x2  
  128  14:01  Mutalisk x4  
  136  14:03  Hydralisk Den, Zergling x2  
Show
View Real Time Build Order
Export as new Build Order

Schnitzel Zerg 

Build Orders:  

Get SALT Encoding   

Show
View Real Time Build Order
Export as new Build Order

IIIIIIIIIIII Zerg 

Build Orders:  

Get SALT Encoding   

Tags
 
Add a new tag
Caveats
  • Supply blocks, unpowered buildings, or Contaminate may cause inaccurate times.
  • Supply counts are checked every 10 seconds.